Unix NetHack Version 3.7.0-82 Work-in-progress - last build Apr 17 2023 13:15:57 (e853d47aa369caa3f400cfc56ad4c4ae4a18b75a,branch:master). Game began 2023-04-27 21:39:26, ended 2023-04-29 17:31:20. MaestroSpook, lawful male human Knight --------------- ---------- |.............| |.[)))[))| #..............| #-.]))))))| #|.............| %|.)[)[)))| #|.............| #---------- ##----.-----.---- # ### #### #### # --------- # ##### ################ ## |.......|########### #%###### ## #### # |.......| # # # #### ## ----|---# |.......-#### -|----# # .......|# |.......| #####.h@.i|# ## |.....<-# |.......| ###|.>...# #### ##|......| |[......| #...`.| ------.--- #####.......| --------- ---+-- |........| # # |......| ^ |........-#### -------- |........| ---------- MaestroSpook the Esquire St:15 Dx:10 Co:13 In:10 Wi:14 Ch:18 Lawful Dlvl:6 $:170 HP:0(37) Pw:37(37) AC:9 Xp:5/183 T:4263 Latest messages: The grid bug bites! You get zapped! You kill the grid bug! It stole 2 effervescent potions. You attack thin air. You don't find anything here to loot. Wait! There's something there you can't see! It hurls an effervescent potion! The vial crashes on your head and breaks into shards. The effervescent potion evaporates. This burns! You hit it. It hurls a potion called acid! The flask crashes on your head and breaks into shards. The potion called acid evaporates. This burns! You hit it. You hear someone incant STRC PRST SKRZ KRK. You attack thin air. You hear someone cursing shoplifters. Wait! There's something there you can't see! She seduces you and you start taking off your helm. It stole a key. You can move again. It steals an uncursed +0 helmet! You attack thin air. You see here a rabid rat corpse. You feel tough! You must have been leading a healthy life-style. The jackal bites! The jackal misses! You miss the jackal. The jackal bites! You hit the jackal. The jackal just misses! You kill the jackal! You see here a jackal corpse. It stole a golden potion. You attack thin air. The bugbear hits! You miss the bugbear. The bugbear hits! You hit the bugbear. The bugbear hits! You miss the bugbear. The bugbear hits! You hit the bugbear. You miss the bugbear. The bugbear hits! You die... Inventory: Coins ('$') $ - 170 gold pieces Armor ('[') f - an uncursed +0 pair of leather gloves (being worn) Z - an uncursed +0 pair of jumping boots Comestibles ('%') g - 2 uncursed apples h - 3 uncursed carrots Scrolls ('?') K - a cursed scroll of create monster w - 2 uncursed scrolls of enchant weapon j - an uncursed scroll of remove curse Potions ('!') x - an uncursed potion of healing Wands ('/') D - an uncursed wand of lightning (0:5) MaestroSpook the Knight's attributes: Background: You were an Esquire, a level 5 male human Knight. You were lawful, on a mission for Lugh who was opposed by Brigit (neutral) and Manannan Mac Lir (chaotic). You were in the Dungeons of Doom, on level 6. You entered the dungeon 4263 turns ago. You had 183 experience points, 137 more were needed to attain level 6. Basics: You had 0 out of 37 hit points. You had all 37 energy points (spell power). Your armor class was 9. Your wallet contained 170 zorkmids. Autopickup was on for '$%?!"=/*', with exceptions. Final Characteristics: Your strength was 15 (limit:18/100). Your dexterity was 10 (limit:18). Your constitution was 13 (limit:18). Your intelligence was 10 (limit:18). Your wisdom was 14 (limit:18). Your charisma was 18 (limit:18). Final Status: You were not hungry. You were unencumbered. You were empty handed. You were unskilled in bare handed combat. Final Attributes: You were piously aligned. You were telepathic. You could jump. You are dead. Miscellaneous: You disabled loading of bones levels. Total elapsed playing time was 51 minutes and 59 seconds. Major events: Turn 1: MaestroSpook the lawful male human Knight entered the dungeon 481: entered the Gnomish Mines 1018: attained the rank of Esquire (level 3) 4263: killed by a bugbear Vanquished creatures: a shrieker a gnome leader 2 little dogs 2 floating eyes a rabid rat 3 orc zombies 2 dwarf zombies a wererat 2 werejackals 5 iguanas 2 coyotes a gas spore a hobbit a large kobold a hobgoblin 2 giant rats 4 cave spiders a green mold a red mold a garter snake a gnome zombie 2 geckos 2 jackals a fox 2 kobolds 2 goblins 8 grid bugs 2 lichens 6 newts 61 creatures vanquished. No species were genocided or became extinct. Voluntary challenges: You were illiterate. You never engraved Elbereth. You never genocided any monsters. You never polymorphed an object. You never changed form. You used no wishes. Achievements: You entered the Gnomish Mines. You attained the rank of Esquire. You entered a shop. The Dungeons of Doom: levels 1 to 7 Level 1: Some sinks. Level 2: A fountain. Stairs down to The Gnomish Mines. Level 3: A fountain, a sink. Level 4: Level 5: A potion shop. Level 6: <- You were here. A weapon shop. Final resting place for you, killed by a bugbear. Level 7: The Gnomish Mines: Level 3: Game over: ---------- / \ / REST \ / IN \ / PEACE \ / \ | MaestroSpook | | 170 Au | | killed by a | | bugbear | | | | | | 2023 | *| * * * | * _________)/\\_//(\/(/\)/\//\/|_)_______ Fare thee well MaestroSpook the Knight... You died in The Dungeons of Doom on dungeon level 6 with 1195 points, and 170 pieces of gold, after 4263 moves. You were level 5 with a maximum of 37 hit points when you died.